| TOP OF THE 1ST |
|
Minnesota (NYP) Twins batting - Pitching for Hudson Valley Renegades : LHP Kazuyoshi Miyazaki
|
|
Pitching: LHP Kazuyoshi Miyazaki
|
|
|
Batting: RHB David McClellan
|
0-0: Ball 1-0: SINGLE (Groundball, 56D, EV 103.1 MPH)
|
|
Batting: RHB Sergio Gomez
|
0-0: Ball 1-0: Foul Ball, location: 2F 1-1: Ball 2-1: Grounds into double play, 5-4-3 (Groundball, 5, EV 86.9 MPH)
|
|
Batting: LHB Tomas Espino
|
0-0: Foul Ball, location: 2F 0-1: Ball 1-1: Ball 2-1: SINGLE (Line Drive, 5D, EV 103.1 MPH)
|
|
Batting: RHB Alexandre Garcia
|
0-0: Ball 1-0: Ball Passed Ball! Tomas Espino to second 2-0: Ball 3-0: Base on Balls
|
|
Batting: LHB Ryuuichi Shintani
|
0-0: Swinging Strike 0-1: Called Strike 0-2: Ball 1-2: Ball 2-2: Ball Wild Pitch! Tomas Espino to third Alexandre Garcia to second 3-2: Fly out, F4 (Line Drive, 4MD, EV 58.8 MPH)
|
| Top of the 1st over - 0 runs, 2 hits, 0 errors, 2 left on base; Minnesota (NYP) 0 - Hudson Valley 0 |
| BOTTOM OF THE 1ST |
|
Hudson Valley Renegades batting - Pitching for Minnesota (NYP) Twins : LHP Sandy Benitez
|
|
Pitching: LHP Sandy Benitez
|
|
|
Batting: SHB Chris Lockart
|
0-0: Ball 1-0: Fly out, F9 (Flyball, 9, EV 75.6 MPH)
|
|
Batting: SHB Josif Popovski
|
0-0: Ball 1-0: SINGLE (Line Drive, 34, EV 111.2 MPH)
|
|
Batting: RHB Alex Koral
|
0-0: Ball 1-0: Foul Ball, location: 2F 1-1: Called Strike 1-2: SINGLE (Groundball, 4, EV 96.2 MPH) Josif Popovski to second Runner from 2nd tries for 3rd, SAFE, no throw by CF
|
|
Batting: LHB Jonathan Spino
|
0-0: Ball 1-0: Ball 2-0: Called Strike 2-1: Foul Ball, location: 2F 2-2: Ball 3-2: Base on Balls Alex Koral to second
|
|
Batting: RHB Joe Hartigan
|
0-0: Called Strike 0-1: Swinging Strike 0-2: Ball 1-2: Ball 2-2: Grounds into double play, 6-4-3 (Groundball, 56D, EV 95.0 MPH)
|
| Bottom of the 1st over - 0 runs, 2 hits, 0 errors, 2 left on base; Minnesota (NYP) 0 - Hudson Valley 0 |
| TOP OF THE 2ND |
|
Minnesota (NYP) Twins batting - Pitching for Hudson Valley Renegades : LHP Kazuyoshi Miyazaki
|
|
Batting: RHB Ton van Dijk
|
0-0: Ground out 5-3 (Groundball, 56S, EV 90.0 MPH)
|
|
Batting: LHB Jose Hilario
|
0-0: Ball 1-0: Foul Ball, location: 2F 1-1: Ball 2-1: SINGLE (Line Drive, 5L, EV 99.4 MPH)
|
|
Batting: SHB Juan Aguilar
|
0-0: Ball 1-0: Fly out, F9 (Flyball, 89S, EV 92.5 MPH)
|
|
Batting: LHB Ben Roth
|
0-0: Foul Ball, location: 2F 0-1: Foul Ball, location: 2F 0-2: Ball 1-2: Ball Wild Pitch! Jose Hilario to second 2-2: Foul Ball, location: 2F 2-2: Ball Wild Pitch! Jose Hilario to third 3-2: Strikes out swinging
|
| Top of the 2nd over - 0 runs, 1 hit, 0 errors, 1 left on base; Minnesota (NYP) 0 - Hudson Valley 0 |
| BOTTOM OF THE 2ND |
|
Hudson Valley Renegades batting - Pitching for Minnesota (NYP) Twins : LHP Sandy Benitez
|
|
Batting: LHB Helmut Steggall
|
0-0: Called Strike 0-1: Ball 1-1: Swinging Strike 1-2: Foul Ball, location: 2F 1-2: Strikes out looking
|
|
Batting: RHB Evan Chalarian
|
0-0: Ball 1-0: Ball 2-0: Ball 3-0: Base on Balls
|
|
Batting: RHB Jesus Carrillo
|
0-0: Ball 1-0: Called Strike 1-1: Swinging Strike 1-2: Strikes out swinging
|
|
Batting: LHB Dan Hunt
|
0-0: Ground out 1-3 (Groundball, 34S, EV 71.2 MPH)
|
| Bottom of the 2nd over - 0 runs, 0 hits, 0 errors, 1 left on base; Minnesota (NYP) 0 - Hudson Valley 0 |
| TOP OF THE 3RD |
|
Minnesota (NYP) Twins batting - Pitching for Hudson Valley Renegades : LHP Kazuyoshi Miyazaki
|
|
Batting: RHB David McClellan
|
0-0: Ball 1-0: Ground out U3 (Groundball, 34, EV 81.9 MPH)
|
|
Batting: RHB Sergio Gomez
|
0-0: Ball 1-0: Ground out 5-3 (Groundball, 56, EV 105.0 MPH)
|
|
Batting: LHB Tomas Espino
|
0-0: Foul Ball, location: 2F 0-1: Ball 1-1: Ground out 4-3 (Groundball, 4, EV 86.9 MPH)
|
| Top of the 3rd over - 0 runs, 0 hits, 0 errors, 0 left on base; Minnesota (NYP) 0 - Hudson Valley 0 |
| BOTTOM OF THE 3RD |
|
Hudson Valley Renegades batting - Pitching for Minnesota (NYP) Twins : LHP Sandy Benitez
|
|
Batting: SHB Chris Lockart
|
0-0: Ball 1-0: Ball 2-0: Foul Ball, location: 2F 2-1: Ball 3-1: Foul Ball, location: 2F 3-2: Base on Balls
|
|
Batting: SHB Josif Popovski
|
0-0: Grounds into double play, 5-4-3 (Groundball, 56, EV 96.9 MPH)
|
|
Batting: RHB Alex Koral
|
0-0: Ground out 4-3 (Groundball, 4, EV 88.8 MPH)
|
| Bottom of the 3rd over - 0 runs, 0 hits, 0 errors, 0 left on base; Minnesota (NYP) 0 - Hudson Valley 0 |
| TOP OF THE 4TH |
|
Minnesota (NYP) Twins batting - Pitching for Hudson Valley Renegades : LHP Kazuyoshi Miyazaki
|
|
Batting: RHB Alexandre Garcia
|
0-0: Ball 1-0: Foul Ball, location: 2F 1-1: Ground out 4-3 (Groundball, 4, EV 91.9 MPH)
|
|
Batting: LHB Ryuuichi Shintani
|
0-0: Ground out 3-1 (Groundball, 34S, EV 82.5 MPH)
|
|
Batting: RHB Ton van Dijk
|
0-0: Ground out 6-3 (Groundball, 6M, EV 88.1 MPH)
|
| Top of the 4th over - 0 runs, 0 hits, 0 errors, 0 left on base; Minnesota (NYP) 0 - Hudson Valley 0 |
| BOTTOM OF THE 4TH |
|
Hudson Valley Renegades batting - Pitching for Minnesota (NYP) Twins : LHP Sandy Benitez
|
|
Batting: LHB Jonathan Spino
|
0-0: Swinging Strike 0-1: Ball 1-1: SINGLE (Groundball, 34S, EV 81.9 MPH) (infield hit)
|
|
Batting: RHB Joe Hartigan
|
0-0: Foul Ball, location: 2F 0-1: Ball 1-1: Called Strike 1-2: Foul Ball, location: 2F 1-2: Strikes out looking
|
|
Batting: LHB Helmut Steggall
|
0-0: Foul Ball, location: 2F 0-1: Ball 1-1: Called Strike 1-2: Ball 2-2: Grounds into double play, 4-6-3 (Groundball, 4, EV 81.9 MPH)
|
| Bottom of the 4th over - 0 runs, 1 hit, 0 errors, 0 left on base; Minnesota (NYP) 0 - Hudson Valley 0 |
| TOP OF THE 5TH |
|
Minnesota (NYP) Twins batting - Pitching for Hudson Valley Renegades : LHP Kazuyoshi Miyazaki
|
|
Batting: LHB Jose Hilario
|
0-0: Ball 1-0: Ball 2-0: Ball 3-0: Base on Balls
|
|
Batting: SHB Juan Aguilar
|
0-0: Ball Wild Pitch! Jose Hilario to second 1-0: Called Strike 1-1: Ball 2-1: Foul Ball, location: 2F 2-2: Ground out 4-3 (Groundball, 4, EV 86.2 MPH) Jose Hilario to third
|
|
Batting: LHB Ben Roth
|
0-0: Ground out 4-3 (Groundball, 4, EV 76.2 MPH) Jose Hilario scores
|
|
Batting: RHB David McClellan
|
0-0: Called Strike 0-1: SINGLE (Groundball, 56D, EV 102.5 MPH)
|
|
Batting: RHB Sergio Gomez
|
0-0: Called Strike 0-1: Called Strike David McClellan is caught stealing 2nd base 2-4
|
| Top of the 5th over - 1 run, 1 hit, 0 errors, 0 left on base; Minnesota (NYP) 1 - Hudson Valley 0 |
| BOTTOM OF THE 5TH |
|
Hudson Valley Renegades batting - Pitching for Minnesota (NYP) Twins : LHP Sandy Benitez
|
|
Batting: RHB Evan Chalarian
|
0-0: Ball 1-0: Called Strike 1-1: Ball 2-1: Ground out 5-3 (Groundball, 15, EV 81.2 MPH)
|
|
Batting: RHB Jesus Carrillo
|
0-0: Ball 1-0: Ball 2-0: Fly out, F8 (Flyball, 8RD, EV 101.9 MPH)
|
|
Batting: LHB Dan Hunt
|
0-0: Called Strike 0-1: Ball 1-1: Foul Ball, location: 2F 1-2: Ball 2-2: Ground out 6-3 (Groundball, 4M, EV 81.9 MPH)
|
| Bottom of the 5th over - 0 runs, 0 hits, 0 errors, 0 left on base; Minnesota (NYP) 1 - Hudson Valley 0 |
| TOP OF THE 6TH |
|
Minnesota (NYP) Twins batting - Pitching for Hudson Valley Renegades : LHP Kazuyoshi Miyazaki
|
|
Batting: RHB Sergio Gomez
|
0-0: Swinging Strike 0-1: Foul Ball, location: 2F 0-2: SOLO HOME RUN (Flyball, 7D, EV 96.9 MPH), Distance : 375 ft
|
|
Batting: LHB Tomas Espino
|
0-0: Ball 1-0: Fly out, F8 (Flyball, 8RD, EV 96.9 MPH)
|
|
Batting: RHB Alexandre Garcia
|
0-0: Ground out 6-3 (Groundball, 6, EV 97.5 MPH)
|
|
Batting: LHB Ryuuichi Shintani
|
0-0: Foul Ball, location: 2F 0-1: Ball 1-1: Ground out U3 (Groundball, 3, EV 80.0 MPH)
|
| Top of the 6th over - 1 run, 1 hit, 0 errors, 0 left on base; Minnesota (NYP) 2 - Hudson Valley 0 |
| BOTTOM OF THE 6TH |
|
Hudson Valley Renegades batting - Pitching for Minnesota (NYP) Twins : LHP Sandy Benitez
|
|
Batting: SHB Chris Lockart
|
0-0: Foul Ball, location: 2F 0-1: SINGLE (Groundball, 56D, EV 98.8 MPH)
|
|
Batting: SHB Josif Popovski
|
0-0: Fielders Choice at 2nd, 6-4 (Groundball, 6, EV 85.0 MPH)
|
|
Batting: RHB Alex Koral
|
0-0: Hit by Pitch Josif Popovski to second
|
|
Batting: LHB Jonathan Spino
|
0-0: Called Strike Josif Popovski is caught stealing 3rd base 2-5 Alex Koral to second 0-1: Ball 1-1: SINGLE (Groundball, 4M, EV 100.0 MPH) (infield hit) Alex Koral to third
|
|
Batting: RHB Joe Hartigan
|
0-0: Ground out 5-3 (Groundball, 5L, EV 86.9 MPH)
|
| Bottom of the 6th over - 0 runs, 2 hits, 0 errors, 2 left on base; Minnesota (NYP) 2 - Hudson Valley 0 |
| TOP OF THE 7TH |
|
Minnesota (NYP) Twins batting - Pitching for Hudson Valley Renegades : LHP Kazuyoshi Miyazaki
|
|
Batting: RHB Ton van Dijk
|
0-0: Ball 1-0: Ball 2-0: Called Strike 2-1: Foul Ball, location: 2F 2-2: Ball 3-2: Base on Balls
|
|
Batting: LHB Jose Hilario
|
0-0: Ball 1-0: Called Strike 1-1: DOUBLE (Line Drive, 7LS, EV 106.9 MPH) Ton van Dijk to third
|
|
Batting: SHB Juan Aguilar
|
0-0: Intentional Walk
|
|
Batting: LHB Ben Roth
|
0-0: SINGLE (Line Drive, 56, EV 99.4 MPH) Ton van Dijk scores Jose Hilario to third Juan Aguilar to second Runner from 3rd tries for Home, SAFE, throw by LF to home
|
|
Batting: RHB David McClellan
|
0-0: Called Strike 0-1: Bunt missed! 0-2: Ball 1-2: Ball 2-2: Foul Ball, location: 2F 2-2: Strikes out swinging
|
|
Batting: RHB Sergio Gomez
|
0-0: Ball 1-0: Called Strike 1-1: Ball 2-1: Foul Ball, location: 2F 2-2: Strikes out swinging
|
|
Batting: LHB Tomas Espino
|
0-0: Ball 1-0: Fly out, F9 (Flyball, 9, EV 85.0 MPH)
|
| Top of the 7th over - 2 runs, 2 hits, 0 errors, 2 left on base; Minnesota (NYP) 4 - Hudson Valley 0 |
| BOTTOM OF THE 7TH |
|
Hudson Valley Renegades batting - Pitching for Minnesota (NYP) Twins : LHP Sandy Benitez
|
|
Batting: LHB Helmut Steggall
|
0-0: Ball 1-0: Foul Ball, location: 2F 1-1: Swinging Strike 1-2: Ball 2-2: Foul Ball, location: 2F 2-2: Foul Ball, location: 2F 2-2: Foul Ball, location: 2F 2-2: Ball 3-2: Base on Balls
|
|
Batting: RHB Evan Chalarian
|
0-0: SINGLE (Groundball, 4, EV 98.8 MPH) Helmut Steggall to second Runner from 2nd tries for 3rd, SAFE, throw by CF made to third
|
|
Batting: RHB Jesus Carrillo
|
0-0: Ball Evan Chalarian is caught stealing 2nd base 2-4 1-0: Called Strike 1-1: Swinging Strike 1-2: Ground out 4-3 (Groundball, 4, EV 78.8 MPH) Helmut Steggall scores
|
|
Pinch Hitting: SHB Joshua Jackson
|
0-0: Swinging Strike 0-1: Ball 1-1: Ball 2-1: Ball 3-1: Foul Ball, location: 2F 3-2: Strikes out looking
|
| Bottom of the 7th over - 1 run, 1 hit, 0 errors, 0 left on base; Minnesota (NYP) 4 - Hudson Valley 1 |
| TOP OF THE 8TH |
|
Minnesota (NYP) Twins batting - Pitching for Hudson Valley Renegades : LHP Kazuyoshi Miyazaki
|
|
Now in LF: Chris Lockart
|
|
|
Now in CF: Jonathan Spino
|
|
|
Now in RF: Alex Genao
|
|
|
Batting: RHB Alexandre Garcia
|
0-0: Ball 1-0: Ball 2-0: Called Strike 2-1: Ball 3-1: Base on Balls
|
|
Batting: LHB Ryuuichi Shintani
|
0-0: Ball 1-0: Grounds into double play, 4-6-3 (Groundball, 4, EV 85.0 MPH)
|
|
Batting: RHB Ton van Dijk
|
0-0: Swinging Strike 0-1: Ball 1-1: SOLO HOME RUN (Flyball, 7D, EV 97.5 MPH), Distance : 386 ft
|
|
Pitching: RHP Chris Bullerman
|
|
|
Batting: LHB Jose Hilario
|
0-0: Ball 1-0: Called Strike 1-1: Ball 2-1: Ball 3-1: Called Strike 3-2: Foul Ball, location: 2F 3-2: Strikes out looking
|
| Top of the 8th over - 1 run, 1 hit, 0 errors, 0 left on base; Minnesota (NYP) 5 - Hudson Valley 1 |
| BOTTOM OF THE 8TH |
|
Hudson Valley Renegades batting - Pitching for Minnesota (NYP) Twins : LHP Sandy Benitez
|
|
Batting: SHB Chris Lockart
|
0-0: Ground out 5-3 (Groundball, 56S, EV 92.5 MPH)
|
|
Batting: SHB Josif Popovski
|
0-0: DOUBLE (Groundball, 5L, EV 101.2 MPH)
|
|
Batting: RHB Alex Koral
|
0-0: Foul Ball, location: 2F 0-1: Ball 1-1: Foul Ball, location: 2F 1-2: Strikes out looking
|
|
Batting: LHB Jonathan Spino
|
0-0: Called Strike 0-1: Foul Ball, location: 2F 0-2: Ball 1-2: Ground out 6-3 (Groundball, 56, EV 105.0 MPH)
|
| Bottom of the 8th over - 0 runs, 1 hit, 0 errors, 1 left on base; Minnesota (NYP) 5 - Hudson Valley 1 |
| TOP OF THE 9TH |
|
Minnesota (NYP) Twins batting - Pitching for Hudson Valley Renegades : RHP Chris Bullerman
|
|
Pitching: LHP Matt Bayer
|
|
|
Batting: SHB Juan Aguilar
|
0-0: Swinging Strike 0-1: Ball 1-1: Called Strike 1-2: Ground out 5-3 (Groundball, 56S, EV 85.0 MPH)
|
|
Batting: LHB Ben Roth
|
0-0: Foul Ball, location: 2F 0-1: Ball 1-1: Swinging Strike 1-2: Ball 2-2: Ground out 4-3 (Groundball, 4, EV 78.8 MPH)
|
|
Batting: RHB David McClellan
|
0-0: Foul Ball, location: 2F 0-1: Ball 1-1: Foul Ball, location: 2F 1-2: Foul Ball, location: 2F 1-2: Strikes out looking
|
| Top of the 9th over - 0 runs, 0 hits, 0 errors, 0 left on base; Minnesota (NYP) 5 - Hudson Valley 1 |
| BOTTOM OF THE 9TH |
|
Hudson Valley Renegades batting - Pitching for Minnesota (NYP) Twins : LHP Sandy Benitez
|
|
Batting: RHB Joe Hartigan
|
0-0: Foul Ball, location: 2F 0-1: Ball 1-1: Ball 2-1: Called Strike 2-2: Foul Ball, location: 2F 2-2: Ball 3-2: SINGLE (Groundball, 34D, EV 97.5 MPH)
|
|
Batting: LHB Helmut Steggall
|
0-0: Fielders Choice at 2nd, 4-6 (Groundball, 4MD, EV 105.6 MPH)
|
|
Batting: RHB Evan Chalarian
|
0-0: Ball 1-0: Ball 2-0: Ball 3-0: Called Strike 3-1: Base on Balls Helmut Steggall to second
|
|
Batting: RHB Jesus Carrillo
|
0-0: Called Strike 0-1: Ball 1-1: Foul Ball, location: 2F 1-2: Strikes out swinging
|
|
Pinch Hitting: RHB Jon Gonzales
|
0-0: Ground out 5-3 (Groundball, 56, EV 106.2 MPH)
|
| Bottom of the 9th over - 0 runs, 1 hit, 0 errors, 2 left on base; Minnesota (NYP) 5 - Hudson Valley 1 |
|